 Dungeon Sprint DCSS version bcrawl-1.21 (webtiles) character file.

Game seed: 13854192781595373803

957 MordorOrchid the Nimble (level 8, -3/73 HPs)
             Began as an Oni Venom Mage on Feb 14, 2020.
             Was a Believer of Okawaru.
             Slain by an eight-headed hydra (11 damage)
             ... in the Dungeon (Sprint IX: "|||||||||||||||||||||||||||||").
             The game lasted 00:06:59 (374 turns).

MordorOrchid the Nimble (Oni Venom Mage)             Turns: 374, Time: 00:06:59

Health: -3/73      AC:  5    Str: 12    XL:     8   Next: 14%
Magic:  12/20      EV: 16    Int: 22    God:    Okawaru [**....]
Gold:   0          SH:  0    Dex: 11    Spells: 10/20 levels left

rFire    . . .     SeeInvis .   q - +2 rapier (venom)
rCold    . . .     Gourm    .   (no shield)
rNeg     . . .     Faith    .   a - +0 animal skin
rPois    .         Spirit   .   (helmet restricted)
rElec    .         Reflect  .   (no cloak)
rCorr    .         Harm     .   s - +0 pair of gloves
MR       .....     NoTele   +   (no boots)
Stlth    ++........             (no amulet)
HPRegen  0.22/turn              u - +3 ring of intelligence
MPRegen  0.17/turn              v - +2 ring of protection

@: very slightly contaminated, invisible
A: oni magic, claws 1, fangs 1, horns 1
a: Heroism, Renounce Religion


You were in the Dungeon.
You worshipped Okawaru.
Okawaru was pleased with you.
You were not hungry.

You visited 1 branch

Inventory:

Hand Weapons
 p - a +2 halberd of venom
 q - a +2 rapier of venom (weapon)
 r - a +2 scimitar of flaming
Armour
 a - a +0 animal skin (worn)
 s - a +0 pair of gloves (worn)
 t - a +1 scale mail
Magical Staves
 o - an uncursed staff of energy
Jewellery
 u - a +3 ring of intelligence (left hand)
 v - a +2 ring of protection (right hand)
Wands
 n - a wand of acid (7)
Scrolls
 j - 2 scrolls of blinking
 l - 3 scrolls of remove curse
 m - 2 scrolls of amnesia
Potions
 c - 2 potions of berserk rage
 d - a potion of degeneration
 f - 5 potions of curing
 g - 3 potions of heal wounds
 i - 4 potions of magic
Comestibles
 b - 3 chunks of flesh
 e - a ration {!d}


   Skills:
 * Level 7.5 Fighting
 - Level 4.8 Short Blades
 * Level 6.1 Armour
 + Level 8.1 Dodging
 - Level 1.7 Stealth
 + Level 6.9 Spellcasting
   Level 6.9 Conjurations
   Level 6.9 Hexes
   Level 6.9 Charms
   Level 6.9 Summonings
   Level 6.9 Necromancy
   Level 6.9 Translocations
   Level 6.9 Transmutations
   Level 6.9 Fire Magic
   Level 6.9 Ice Magic
   Level 6.9 Air Magic
   Level 6.9 Earth Magic
   Level 6.9 Poison Magic


You had 10 spell levels left.
You knew the following spells:

 Your Spells              Type           Power        Failure   Level  Hunger
a - Sting                 Conj/Pois      ####         1%          1    None
b - Olgreb's Toxic Radia  Pois           #####...     3%          4    ###....
d - Ignite Poison         Fire/Tmut/Pois #####...     1%          3    None
p - Poisonous Vapours     Pois/Air       #####.       1%          2    None

Your spell library contained the following spells:

 Spells                   Type           Power        Failure   Level  Hunger
 Beastly Appendage        Tmut           #####.       1%          1    None
 Searing Ray              Conj           #####...     1%          2    None
 Leda's Liquefaction      Hex/Erth       #####.....   1%          3    None
 Tukima's Dance           Hex            #####...     1%          3    None
 Summon Scorpions         Summ/Pois      #####...     4%          4    ###....
 Venom Bolt               Conj/Pois      #####.....   13%         5    #####..


Dungeon Overview and Level Annotations

Branches:
Dungeon (1/1)

Altars:
Cheibriados
Dithmenos
Elyvilon
Fedhas
Gozag
Hepliaklqana
Kikubaaqudgha
Lugonu
Makhleb
Nemelex Xobeh
Okawaru
Qazlal
Ru
Sif Muna
Trog
Uskayaw
Vehumet
Wu Jian
Xom
Yredelemnul
Zin
The Shining One
Beogh
Jiyva


Innate Abilities, Weirdness & Mutations

You learn spells by gaining experience, not through books or religion.
You only train spellcasting to practice magic.
You have sharp fingernails.
You have very sharp teeth.
You have a pair of small horns on your head.


Message History

The eight-headed hydra bites you.
The eight-headed hydra barely misses you.
The eight-headed hydra closely misses you.
The eight-headed hydra bites you but does no damage.
The eight-headed hydra bites you!
The eight-headed hydra closely misses you.
You hit the eight-headed hydra.
Your bite misses the eight-headed hydra.
The eight-headed hydra is almost dead.
The eight-headed hydra closely misses you.
The eight-headed hydra bites you!
* * * LOW HITPOINT WARNING * * *
The eight-headed hydra bites you.
* * * LOW HITPOINT WARNING * * *
The eight-headed hydra misses you.
The eight-headed hydra bites you but does no damage.
The eight-headed hydra bites you.
* * * LOW HITPOINT WARNING * * *
The eight-headed hydra bites you!
You die... ▓▓▓▓▓▓▓▓▓▓▓▓▓▓▓▓▓▓▓▓▓▓▓▓ +...)CD@)...[)...'______ ▓▓▓▓▓▓▓▓▓▓▓▓▓▓▓▓▓▓▓▓▓▓▓▓

You could see an eight-headed hydra and a cyclops (wandering).

Vanquished Creatures
  A wizard (D)
  A manticore (D)
  A centaur (D)
  2 worker ants (D)
  A dart slug (D)
  2 bats (D)
  A bat zombie (D)
  A giant cockroach (D)
  2 hobgoblins (D)
  A quokka (D)
  A ball python skeleton (D)
14 creatures vanquished.

Notes
Turn   | Place    | Note
-------+----------+-------------------------------------------
     0 | D        | MordorOrchid the Oni Venom Mage began the quest for the
                  | Orb.
     0 | D        | Reached XP level 1. HP: 14/14 MP: 4/4
     5 | D        | Reached skill level 2 in Dodging
     7 | D        | Reached skill level 1 in Fighting
    20 | D        | Reached XP level 2. HP: 9/23 MP: 0/7
   232 | D        | Reached skill level 3 in Dodging
   232 | D        | Reached XP level 3. HP: 30/30 MP: 3/9
   250 | D        | Reached skill level 4 in Dodging
   250 | D        | Reached XP level 4. HP: 30/38 MP: 0/11
   259 | D        | Learned a level 4 spell: Olgreb's Toxic Radiance
   263 | D        | Learned a level 3 spell: Ignite Poison
   271 | D        | Learned a level 2 spell: Poisonous Vapours
   282 | D        | Found a roughly hewn altar of Beogh.
   282 | D        | Found a snail-covered altar of Cheibriados.
   282 | D        | Found a shadowy altar of Dithmenos.
   282 | D        | Found a white marble altar of Elyvilon.
   282 | D        | Found a blossoming altar of Fedhas.
   282 | D        | Found an opulent altar of Gozag.
   283 | D        | Found a hazy altar of Hepliaklqana.
   284 | D        | Found a viscous altar of Jiyva.
   285 | D        | Found an ancient bone altar of Kikubaaqudgha.
   286 | D        | Found a corrupted altar of Lugonu.
   287 | D        | Found a burning altar of Makhleb.
   288 | D        | Found a sparkling altar of Nemelex Xobeh.
   289 | D        | Found an iron altar of Okawaru.
   290 | D        | Found a stormy altar of Qazlal.
   291 | D        | Found a sacrificial altar of Ru.
   292 | D        | Found a shimmering blue altar of Sif Muna.
   293 | D        | Found a bloodstained altar of Trog.
   294 | D        | Found a hide-covered altar of Uskayaw.
   295 | D        | Found a radiant altar of Vehumet.
   296 | D        | Found an ornate altar of the Wu Jian Council.
   297 | D        | Found a shimmering altar of Xom.
   298 | D        | Found a basalt altar of Yredelemnul.
   299 | D        | Found a glowing silver altar of Zin.
   300 | D        | Found a glowing golden altar of the Shining One.
   307 | D        | Became a worshipper of Warmaster Okawaru
   350 | D        | Noticed a cyclops
   350 | D        | Noticed an eight-headed hydra
   350 | D        | Noticed a manticore
   350 | D        | Noticed a wizard
   350 | D        | Noticed a centaur
   354 | D        | Killed a centaur
   354 | D        | Reached skill level 5 in Dodging
   354 | D        | Reached XP level 5. HP: 43/47 MP: 11/13
   365 | D        | Killed a wizard
   365 | D        | Reached skill level 5 in Armour
   365 | D        | Reached skill level 7 in Dodging
   365 | D        | Reached XP level 6. HP: 31/58 MP: 13/17
   365 | D        | Reached XP level 7. HP: 35/64 MP: 13/18
   369 | D        | Killed a manticore
   369 | D        | Reached * piety under Okawaru
   369 | D        | Reached ** piety under Okawaru
   369 | D        | Reached skill level 8 in Dodging
   369 | D        | Reached XP level 8. HP: 40/73 MP: 11/20
   374 | D        | Slain by an eight-headed hydra

Skill      XL: |  1  2  3  4  5  6  7 |
---------------+----------------------+-----
Dodging        | 2 3 4 5 7 8 |  8.1
Fighting       | 1 2 3 4 6 7 |  7.5
Spellcasting   | 2 3 4 6 |  6.9
Short Blades   | 2 4 |  4.8
Armour         | 2 5 6 |  6.1
Stealth        | |  1.7
Conjurations   | |  6.9
Hexes          | |  6.9
Charms         | |  6.9
Summonings     | |  6.9
Necromancy     | |  6.9
Translocations | |  6.9
Transmutations | |  6.9
Fire Magic     | |  6.9
Ice Magic      | |  6.9
Air Magic      | |  6.9
Earth Magic    | |  6.9
Poison Magic   | |  6.9

Action                   |  1- 3 |  4- 6 |  7- 9 || total
-------------------------+-------+-------+-------++-------
Melee: Unarmed           |    12 |       |       ||    12
       Club              |     5 |       |       ||     5
       Bite              |     1 |     1 |       ||     2
       Headbutt          |     1 |     2 |       ||     3
       Rapier            |       |    12 |     3 ||    15
 Cast: Sting             |    12 |       |       ||    12
       Ignite Poison     |       |       |     1 ||     1
Evoke: Wand              |       |       |     3 ||     3
  Use: Potion            |     1 |     1 |       ||     2
 Stab: Sleeping          |       |     2 |       ||     2
       Invisible         |       |     1 |       ||     1
Armor: Animal skin       |     6 |       |     2 ||     8
Dodge: Dodged            |    15 |     5 |     7 ||    27
